 Dungeon Crawl Stone Soup version 0.29-a0-289-g2178c42546 (webtiles) character file.

Game seed: 13438451986091619656

107 epen the Sneak (level 4, 0/38 HPs)
             Began as a Gnoll Brigand on Mar 17, 2022.
             Slain by an orc priest
             ... wielding a +0 club
              (1 damage)
             ... on level 2 of the Dungeon.
             The game lasted 00:02:07 (1652 turns).

epen the Sneak (Gnoll Brigand)                      Turns: 1652, Time: 00:02:08

Health: 0/38       AC:  8    Str:  9 (10) XL:     4   Next: 85%
Magic:  5/5        EV: 10    Int:  8 (11) God:
Gold:   119        SH:  0    Dex: 14 (15) Spells: 5/5 levels left

rFire   . . .      SeeInvis .   a - +2 dagger (spect)
rCold   + . .      Faith    .   (no shield)
rNeg    . . .      Spirit   .   m - +2 ring mail {rC+}
rPois   .          Reflect  .   (no helmet)
rElec   .          Harm     .   c - +0 cloak
rCorr   .          Rampage  .   (no gloves)
Will    .....                   (no boots)
Stlth   ++........              (no amulet)
HPRegen 0.12/turn               h - ring of wizardry
MPRegen 0.09/turn               (no ring)

@: brilliant, silenced
A: fangs 1, strong nose, distributed training
a: no special abilities


You were on level 2 of the Dungeon.
You visited 1 branch of the dungeon, and saw 2 of its levels.

You collected 119 gold pieces.

Inventory:

Hand Weapons
 a - a +2 spectral dagger (weapon)
Missiles
 d - 7 poisoned darts (quivered)
 e - a curare-tipped dart
Armour
 b - a +0 robe
 c - a +0 cloak (worn)
 m - a +2 ring mail of cold resistance (worn)
Jewellery
 h - a ring of wizardry (left hand)
Scrolls
 f - a scroll of brand weapon
 g - 2 scrolls of silence
 i - 2 scrolls of teleportation {unknown}
 j - 3 scrolls of torment {unknown}
 l - 2 scrolls of identify {unknown}
 n - a scroll of fear {unknown}
 o - a scroll of amnesia {unknown}
 r - a scroll of enchant armour {unknown}


   Skills:
 + Level 4.7 Fighting
 + Level 4.7 Short Blades
 + Level 1.2 Long Blades
 + Level 1.2 Axes
 + Level 1.2 Maces & Flails
 + Level 1.2 Polearms
 + Level 1.2 Staves
 + Level 1.2 Slings
 + Level 1.2 Bows
 + Level 1.2 Crossbows
 + Level 4.7 Throwing
 + Level 1.2 Armour
 + Level 2.8 Dodging
 + Level 7.9 Stealth
 + Level 1.2 Shields
 + Level 1.2 Unarmed Combat
 + Level 1.2 Spellcasting
 + Level 1.0 Conjurations
 + Level 1.0 Hexes
 + Level 1.0 Summonings
 + Level 1.0 Necromancy
 + Level 1.0 Translocations
 + Level 1.0 Transmutations
 + Level 1.0 Fire Magic
 + Level 1.0 Ice Magic
 + Level 1.0 Air Magic
 + Level 1.0 Earth Magic
 + Level 1.0 Poison Magic
 + Level 1.4 Invocations
 + Level 1.2 Evocations


You had 5 spell levels left.
You didn't know any spells.
Your spell library was empty.

Dungeon Overview and Level Annotations

Branches:
Dungeon (2/15)

Altars:
Fedhas


Innate Abilities, Weirdness & Mutations

You have very sharp teeth.
Your uncanny sense of smell can sniff out nearby items.
Your experience applies equally to all skills.


Message History

Your Translocations skill increases to level 1!
Your Transmutations skill increases to level 1!
Your Fire Magic skill increases to level 1!
Your Ice Magic skill increases to level 1!
Your Air Magic skill increases to level 1!
Your Earth Magic skill increases to level 1!
Your Poison Magic skill increases to level 1!
As you read the scroll labelled UREFAG VEFI, it crumbles to dust.
It is a scroll of brand weapon.
Your +2 dagger acquires a faint afterimage.
a - a +2 spectral dagger (weapon)
The orc barely misses you.
You barely miss the orc. The orc hits you with a +0 morningstar.
* * * LOW HITPOINT WARNING * * *
The orc priest invokes the aid of Beogh against you.
Beogh smites you!
* * * LOW HITPOINT WARNING * * *
It was a potion of curing.
You feel better. The orc barely misses you.
It was a potion of brilliance.
You feel clever all of a sudden. The orc barely misses you.
It was a potion of degeneration.
There was something very wrong with that liquid.
You feel weakened.
You feel dopey.
You feel clumsy. The orc closely misses you. The orc attacks as you move away!
The orc hits you with a +0 morningstar.
* * * LOW HITPOINT WARNING * * *
As you read the scroll labelled DOEDYTW TIEMID, it crumbles to dust.
A profound silence engulfs you.
It was a scroll of silence.
You hit the orc priest. Your bite misses the orc priest.
The orc priest is lightly wounded.
The orc hits you with a +0 morningstar.
* * * LOW HITPOINT WARNING * * *
The orc priest hits you but does no damage.
You hit the orc priest. Your bite misses the orc priest.
The orc priest is heavily wounded.
You barely miss the orc priest. Your bite misses the orc priest.
The orc priest is heavily wounded.
The orc priest hits you with a +0 club.
You die...

(# .. ###. ... ... ....
#∆ #.# ...(.
#.##.##...... #.......#
####o#### ##### ####o####
....# #...o@..# .. ###.#
#.##.##.# .# ## ###.#####
#.##...... .....
........# #.#####...##.#.
###.###.####.#####.......
###.# #............#.#..#
##### ....#
###......#####....#
##.... #####
#...##.##.......##.##.###
###.####.##.##.......##.#
#


You could see an orc priest and 2 orcs.

Vanquished Creatures
  An orc wizard (D:2)
  4 adders (D:2)
  A dart slug (D:1)
  4 bats
  4 endoplasms (D:1)
  3 giant cockroaches
  4 goblins
  3 hobgoblins (D:1)
  A jackal (D:2)
  6 kobolds
  A quokka (D:1)
  7 ball pythons
  A frilled lizard (D:1)
  4 rats
44 creatures vanquished.

Notes
Turn   | Place    | Note
-------+----------+-------------------------------------------
     0 | D:1      | epen the Gnoll Brigand began the quest for the Orb.
     0 | D:1      | Reached XP level 1. HP: 20/20 MP: 1/1
   136 | D:1      | Found a faded altar of an unknown god.
   162 | D:1      | Reached XP level 2. HP: 26/26 MP: 2/2
   507 | D:1      | Reached XP level 3. HP: 20/31 MP: 3/3
  1211 | D:2      | Found a blossoming altar of Fedhas.
  1259 | D:2      | Reached skill level 1 in Invocations
  1293 | D:2      | Reached skill level 1 in Long Blades
  1293 | D:2      | Reached skill level 1 in Axes
  1293 | D:2      | Reached skill level 1 in Maces & Flails
  1293 | D:2      | Reached skill level 1 in Polearms
  1293 | D:2      | Reached skill level 1 in Staves
  1293 | D:2      | Reached skill level 1 in Slings
  1293 | D:2      | Reached skill level 1 in Bows
  1293 | D:2      | Reached skill level 1 in Crossbows
  1293 | D:2      | Reached skill level 1 in Armour
  1293 | D:2      | Reached skill level 1 in Shields
  1293 | D:2      | Reached skill level 1 in Unarmed Combat
  1293 | D:2      | Reached skill level 1 in Spellcasting
  1293 | D:2      | Reached skill level 1 in Evocations
  1293 | D:2      | Reached XP level 4. HP: 31/38 MP: 5/5
  1643 | D:2      | Reached skill level 1 in Conjurations
  1643 | D:2      | Reached skill level 1 in Hexes
  1643 | D:2      | Reached skill level 1 in Summonings
  1643 | D:2      | Reached skill level 1 in Necromancy
  1643 | D:2      | Reached skill level 1 in Translocations
  1643 | D:2      | Reached skill level 1 in Transmutations
  1643 | D:2      | Reached skill level 1 in Fire Magic
  1643 | D:2      | Reached skill level 1 in Ice Magic
  1643 | D:2      | Reached skill level 1 in Air Magic
  1643 | D:2      | Reached skill level 1 in Earth Magic
  1643 | D:2      | Reached skill level 1 in Poison Magic
  1644 | D:2      | HP: 1/38 [orc priest/divine providence (9)]
  1650 | D:2      | HP: 1/38 [orc/+0 morningstar (3)]
  1652 | D:2      | Slain by an orc priest

Illustrated notes

Levels and vault maps discovered:
D:1:      lightli_arrival_flooded_house, layout_loops_ring,
          basic_ecumenical_altar, serial_bayou_crossing
D:2:      layout_loops_cross, basic_altar, minmay_circled_x

Skill      XL: |  1  2  3  4 |
---------------+-------------+-----
Invocations    | 1 |  1.4
Long Blades    | 1 |  1.2
Axes           | 1 |  1.2
Maces & Flails | 1 |  1.2
Polearms       | 1 |  1.2
Staves         | 1 |  1.2
Slings         | 1 |  1.2
Bows           | 1 |  1.2
Crossbows      | 1 |  1.2
Armour         | 1 |  1.2
Shields        | 1 |  1.2
Unarmed Combat | 1 |  1.2
Spellcasting   | 1 |  1.2
Evocations     | 1 |  1.2
Conjurations   | 1 |  1.0
Hexes          | 1 |  1.0
Summonings     | 1 |  1.0
Necromancy     | 1 |  1.0
Translocations | 1 |  1.0
Transmutations | 1 |  1.0
Fire Magic     | 1 |  1.0
Ice Magic      | 1 |  1.0
Air Magic      | 1 |  1.0
Earth Magic    | 1 |  1.0
Poison Magic   | 1 |  1.0
Fighting       | |  4.7
Short Blades   | |  4.7
Throwing       | |  4.7
Dodging        | |  2.8
Stealth        | |  7.9

Action                   |  1- 3 |  4- 6 || total
-------------------------+-------+-------++-------
Melee: Dagger            |   103 |    18 ||   121
       Bite              |     5 |     1 ||     6
Throw: Dart              |       |     4 ||     4
  Use: Potion            |       |     3 ||     3
       Scroll            |       |     2 ||     2
 Stab: Sleeping          |    14 |     6 ||    20
Armor: Robe              |    16 |       ||    16
       Ring mail         |     8 |     5 ||    13
Dodge: Dodged            |    52 |     8 ||    60

Table legend: (Time is in decaauts)
 A = Elapsed time spent in this place.
 B = Non-inter-level travel time spent in this place.
 C = Inter-level travel time spent in this place.
 D = Time resting spent in this place.
 E = Time spent auto-exploring this place.
 F = Levels seen in this place.
 G = Mean time per level.
                   A        B        C        D        E       F      G
               +--------+--------+--------+--------+--------+-----+--------+
         Total |   1633 |   1567 |     66 |      0 |   1230 |   2 |  816.5 |
       Dungeon |   1633 |   1567 |     66 |      0 |   1230 |   2 |  816.5 |
               +--------+--------+--------+--------+--------+-----+--------+

Top non-repeatable levels by time:
     D:1: 1097 daAuts
     D:2: 536 daAuts
